 Dungeon Crawl Stone Soup version 0.27-a0-1069-g97754ad (webtiles) character file.

Game seed: 11652798493722085080

180 GeorgeSoros the Chopper (level 5, -4/42 HPs)
             Began as a Formicid Gladiator on Apr 23, 2021.
             Slain by an orc
             ... wielding a +0 flail
              (7 damage)
             ... on level 3 of the Dungeon.
             The game lasted 00:07:10 (3093 turns).

GeorgeSoros the Chopper (Formicid Gladiator)        Turns: 3093, Time: 00:07:11

Health: -4/42      AC:  9    Str: 19    XL:     5   Next: 91%
Magic:  5/5        EV:  8    Int:  8    God:
Gold:   84         SH:  0    Dex: 12    Spells: 4/4 levels left

rFire    . . .     SeeInvis +   a - +1 war axe
rCold    . . .     Faith    .   (no shield)
rNeg     . . .     Spirit   .   j - +0 chain mail
rPois    .         Reflect  .   (helmet unavailable)
rElec    .         Harm     .   (no cloak)
rCorr    .         Rampage  .   (no gloves)
Will     .....                  (no boots)
Stlth    ..........             (no amulet)
HPRegen  0.14/turn              (no ring)
MPRegen  0.09/turn              (no ring)

@: no status effects
A: permanent stasis, dig shafts and tunnels, antennae 3, four strong arms
a: Dig, Shaft Self


You were on level 3 of the Dungeon.
You visited 1 branch of the dungeon, and saw 3 of its levels.

You collected 84 gold pieces.

Inventory:

Hand Weapons
 a - a +1 war axe (weapon)
 f - a +0 mace of venom
Missiles
 c - 4 throwing nets
 d - 10 boomerangs (quivered)
Armour
 b - a +0 leather armour
 h - a +0 scale mail
 j - a +0 chain mail (worn)
Scrolls
 m - a scroll of fear
Potions
 e - a potion of heal wounds
 g - 2 potions of ambrosia
 k - a potion of brilliance {unknown}
 l - a potion of berserk rage {unknown}
 n - a potion of curing {unknown}


   Skills:
 + Level 3.9 Fighting
 + Level 4.2 Axes
 - Level 2.0 Throwing
 + Level 3.0 Armour
 - Level 2.6 Dodging


You had 4 spell levels left.
You didn't know any spells.
Your spell library contained the following spells:

 Spells                   Type           Power      Damage    Failure   Level
 Confusing Touch          Hex            0%         N/A       100%        3
 Gell's Gravitas          Tloc           0%         N/A       100%        3
 Petrify                  Tmut/Erth      0%         N/A       100%        4
 Metabolic Englaciation   Hex/Ice        0%         N/A       100%        5
 Yara's Violent Unravell  Hex/Tmut       0%         3d3       100%        5


Dungeon Overview and Level Annotations

Branches:
Dungeon (3/15)

Altars:
Zin


Innate Abilities, Weirdness & Mutations

You cannot be hasted, slowed, berserked, paralysed or teleported.
You can dig through walls and to a lower floor.
You have a pair of large antennae on your head. (SInv)
Your four strong arms can wield two-handed weapons with a shield.


Message History

The orc is severely wounded.
The orc hits you but does no damage.
The orc priest hits you but does no damage.
You hit the orc but do no damage.
The orc is severely wounded.
You hit the orc priest but do no damage.
The orc hits you with a +0 club.
You slash the orc!
You kill the orc!
You hit the orc priest but do no damage.
You hit the orc.
The orc priest calls upon Beogh to heal the orc.
The orc's wounds heal themselves!
You slash the orc priest!
The orc priest is almost dead.
You closely miss the orc. x2
The orc priest mumbles some strange prayers to Beogh against you.
Pain shoots through your body! The orc barely misses you.
The orc hits you but does no damage.
The orc priest mumbles some strange prayers to Beogh against you.
Beogh smites you! The orc hits you with a +0 flail!
* * * LOW HITPOINT WARNING * * *
You barely miss the orc priest.
The orc priest is almost dead.
You barely miss the orc. You slash the orc!
You kill the orc!
The orc priest looks encouraged for a moment.
The orc hits you with a +0 flail.
* * * LOW HITPOINT WARNING * * *
You hit the orc priest but do no damage.
The orc priest is almost dead.
You hit the orc.
The orc priest miscasts a cantrip.
The orc hits you with a +0 flail.
* * * LOW HITPOINT WARNING * * *
You slash the orc priest!
You kill the orc priest!
You hit the worm. You barely miss the orc. The orc hits you but does no damage.
The worm bites you but does no damage. The orc hits you with a +0 flail!
You die...

*****################
*,,,,...............#
*,,*,..#...#)..#...###
*_,,,......w@......).#
*,,*,..#...#o..#...#.###
*,,,,..................######
*****#################.......
*,,,* #.#####....[.. *,,**
#....##....... *,**
#.##.......... *,*****
#..####.....>. *,,,,,* ##.#
##.......


You could see a worm and an orc.

Vanquished Creatures
  An orc priest (D:3)
  8 adders
  3 gnolls (D:3)
  2 dart slugs
  2 orcs (D:3)
  15 ball pythons
  5 endoplasms
  8 goblins
  7 hobgoblins
  6 jackals
  3 kobolds
  2 quokkas
  3 bats
  A frilled lizard (D:2)
  4 rats
70 creatures vanquished.

Notes
Turn   | Place    | Note
-------+----------+-------------------------------------------
     0 | D:1      | GeorgeSoros the Formicid Gladiator began the quest for the
                  | Orb.
     0 | D:1      | Reached XP level 1. HP: 16/16 MP: 1/1
    84 | D:1      | Found a faded altar of an unknown god.
    90 | D:1      | Became a worshipper of Zin the Law-Giver
    90 | D:1      | Reached * piety under Zin
   102 | D:1      | Fell from the grace of Zin
   140 | D:1      | Reached XP level 2. HP: 23/23 MP: 2/2
   166 | D:1      | Reached skill level 1 in Armour
   496 | D:1      | Reached XP level 3. HP: 27/28 MP: 3/3
  1163 | D:2      | Reached XP level 4. HP: 35/35 MP: 4/4
  1824 | D:2      | Reached XP level 5. HP: 16/41 MP: 5/5
  2107 | D:2      | Reached skill level 4 in Axes
  3093 | D:3      | Slain by an orc

Illustrated notes

Levels and vault maps discovered:
D:1:      erik_arrival_orb_chamber, layout_basic,
          ebering_ecumenical_altar_petrified
D:2:      layout_loops_ring, minmay_snake_closets
D:3:      layout_rooms, lemuel_coloured_pillars_altar

Skill      XL: |  1  2  3  4  5 |
---------------+----------------+-----
Armour         | 1 2 3 |  3.0
Fighting       | 3 |  3.9
Axes           | 4 |  4.2
Throwing       | |  2.0
Dodging        | |  2.6

Action                   |  1- 3 |  4- 6 || total
-------------------------+-------+-------++-------
Melee: War axe           |    83 |    91 ||   174
Throw: Boomerang         |       |    53 ||    53
Invok: Renounce Religion |     1 |       ||     1
  Use: Scroll            |     5 |     5 ||    10
Armor: Leather armour    |    10 |       ||    10
       Chain mail        |     5 |    50 ||    55
       Scale mail        |     4 |       ||     4
Dodge: Dodged            |    63 |    49 ||   112

Table legend: (Time is in decaauts)
 A = Elapsed time spent in this place.
 B = Non-inter-level travel time spent in this place.
 C = Inter-level travel time spent in this place.
 D = Time resting spent in this place.
 E = Time spent auto-exploring this place.
 F = Levels seen in this place.
 G = Mean time per level.
                   A        B        C        D        E       F      G
               +--------+--------+--------+--------+--------+-----+--------+
         Total |   3158 |   3051 |    107 |    143 |   2361 |   3 | 1052.7 |
       Dungeon |   3158 |   3051 |    107 |    143 |   2361 |   3 | 1052.7 |
               +--------+--------+--------+--------+--------+-----+--------+

Top non-repeatable levels by time:
     D:2: 1708 daAuts
     D:1: 789 daAuts
     D:3: 661 daAuts
